 Dungeon Crawl Stone Soup version 0.28-a0-1143-gcf6077d4cc (webtiles) character file.

Game seed: 6032523156474390329

6782 siradein the Cudgeller (level 10, -3/100 HPs)
             Began as a Troll Fighter on Dec 13, 2021.
             Was an Initiate of Yredelemnul.
             Slain by a vampire (9 damage)
             ... on level 9 of the Dungeon.
             The game lasted 00:41:04 (7752 turns).

siradein the Cudgeller (Troll Fighter)              Turns: 7752, Time: 00:41:04

Health: -3/100     AC:  5    Str: 36    XL:     10   Next: 76%
Magic:  13/13      EV: 11    Int:  7    God:    Yredelemnul [......]
Gold:   243        SH:  0    Dex: 11    Spells: 9/9 levels left

rFire   + + .      SeeInvis .   r - +0 morningstar
rCold   . . .      Faith    .   c - +0 kite shield
rNeg    . . .      Spirit   .   E - +1 robe of Immorality {rF++ Str+2 Int+3}
rPois   .          Reflect  +   (helmet restricted)
rElec   .          Harm     .   (no cloak)
rCorr   +          Rampage  .   (gloves unavailable)
Will    .....                   (boots unavailable)
Stlth   +.........              s - amulet of reflection
HPRegen 1.06/turn               h - +6 ring of strength
MPRegen 0.13/turn               L - ring of resist corrosion

@: confused
A: large, unfitting armour, claws 3, regeneration 1, shaggy fur 1, tough skin 1
a: Renounce Religion, Recall Undead Harvest


You were on level 9 of the Dungeon.
You worshipped Yredelemnul.
Yredelemnul was noncommittal.
You visited 2 branches of the dungeon, and saw 10 of its levels.

You collected 334 gold pieces.
You spent 91 gold pieces at shops.

Inventory:

Hand Weapons
 e - a +2 flail of venom
 r - a +0 morningstar (weapon)
 H - a +1 flail of protection
Armour
 c - a +0 kite shield (worn)
 E - the +1 robe of Immorality (worn) {rF++ Str+2 Int+3}
   (You found it on level 6 of the Dungeon)

   Str:       It affects your strength (+2).
   Int:       It affects your intelligence (+3).
   rF:        It greatly protects you from fire.
Jewellery
 a - an amulet of the acrobat
 h - a +6 ring of strength (left claw)
 m - a ring of wizardry
 s - an amulet of reflection (around neck)
 t - a +6 ring of intelligence
 L - a ring of resist corrosion (right claw)
 M - an amulet of magic regeneration
Wands
 n - a wand of polymorph (8)
 B - a wand of iceblast (11)
 C - a wand of paralysis (8)
 F - a wand of acid (5)
 N - a wand of charming (4)
Scrolls
 b - 2 scrolls of immolation
 i - 6 scrolls of teleportation
 k - a scroll of summoning
 l - a scroll of magic mapping {unknown}
 p - a scroll of brand weapon
 u - 2 scrolls of amnesia {unknown}
 y - a scroll of vulnerability {unknown}
 D - a scroll of silence {unknown}
 G - a scroll of torment {unknown}
 I - 2 scrolls of acquirement {unknown}
 J - a scroll of identify
 K - a scroll of enchant weapon {unknown}
Potions
 d - a potion of might
 f - 2 potions of curing
 g - a potion of attraction {unknown}
 j - 4 potions of resistance {unknown}
 o - 2 potions of lignification {unknown}
 q - a potion of degeneration {unknown}
 v - a potion of haste
 w - a potion of cancellation {unknown}
 x - 2 potions of heal wounds {unknown}
 z - 2 potions of mutation {unknown}
 A - a potion of brilliance {unknown}


   Skills:
 + Level 6.7 Fighting
 + Level 7.1 Maces & Flails
 + Level 6.8 Dodging
 + Level 6.8 Shields
 + Level 6.0 Invocations


You had 9 spell levels left.
You didn't know any spells.
Your spell library contained the following spells:

 Spells                   Type           Power      Damage    Failure   Level
 Animate Skeleton         Necr           0%         N/A       58%         1
 Apportation              Tloc           0%         N/A       58%         1
 Foxfire                  Conj/Fire      0%         2x1d4     58%         1
 Freeze                   Ice            0%         1d3       58%         1
 Summon Small Mammal      Summ           0%         N/A       58%         1
 Conjure Flame            Conj/Fire      0%         6-21      91%         3
 Inner Flame              Hex/Fire       0%         N/A       91%         3
 Flame Wave               Conj/Fire      0%         2d4       100%        4


Dungeon Overview and Level Annotations

Branches:
Dungeon (9/15)             Temple (1/1) D:4
   Lair: D:8-11         Orc: D:9-12

Altars:
Ashenzari
Cheibriados
Dithmenos
Elyvilon
Fedhas
Gozag
Hepliaklqana
Kikubaaqudgha
Makhleb
Okawaru
Qazlal
Ru
Sif Muna
Trog
Uskayaw
Wu Jian
Xom
Yredelemnul
Zin
The Shining One

Shops:
D:2 [


Innate Abilities, Weirdness & Mutations

You are too large for most types of armour.
You have claws for hands.
Your natural rate of healing is unusually fast.
You are covered in fur. (AC +1)
You have tough skin. (AC +1)


Message History

* * * LOW HITPOINT WARNING * * *
The vampire draws strength from your injuries!
You barely miss the vampire. The vampire completely misses you.
You block the vampire's attack.
You hit the vampire but do no damage.
The vampire mumbles some strange words.
The vampire flickers and vanishes!
Deactivating autopickup; reactivate with Ctrl-A.
You miss something. Something hits you.
* * * LOW HITPOINT WARNING * * *
Something bites you!
* * * LOW HITPOINT WARNING * * *
Something draws strength from your injuries!
You closely miss something. Something hits you but does no damage.
Something bites you.
* * * LOW HITPOINT WARNING * * *
Something draws strength from your injuries!
You block something's attack. Something bites you.
* * * LOW HITPOINT WARNING * * *
Something draws strength from your injuries!
You hear some strange, mumbled words.
You are confused.
Something hits you!
* * * LOW HITPOINT WARNING * * *
Something bites you.
* * * LOW HITPOINT WARNING * * *
Something draws strength from your injuries!
You hear some strange, mumbled words.
You are more confused.
You hear some strange, mumbled words.
You are more confused.
You bump into the rock wall.
You barely miss something. Something hits you!
* * * LOW HITPOINT WARNING * * *
Something bites you!
* * * LOW HITPOINT WARNING * * *
Something draws strength from your injuries!
You're too confused to move!
Something hits you!
You die...
Your body rises from the dead as a mindless zombie.

#.....># #.#.#####'####
#......# #.#.# #.#
#...>..####.#.# #+#
#.........#.#.#
#.....###.#.#.# #.....#
#.#.#.### #.....#
#.#.....#
############'####.#...#.#
..§§§§§.........@.....#.#
###§§§P.####..........#.#
...§..§.......#########.#
##.P§8§.............. .#
...............###### ##
###§...........#
...............#
###.#+#........#
#........#+#...#


There were no monsters in sight!

Vanquished Creatures
  2 two-headed ogres (D:8)
  A freezing wraith (D:9)
  A hornet (D:7)
  10 yaks
  A wyvern (D:8)
  A steam dragon (D:8)
  4 water moccasins
  2 orc warriors
  2 black bears
  An ice beast (D:8)
  An ogre (D:4)
  A necrophage (D:7)
  3 centaurs
  2 bullfrogs
  A gnoll sergeant (D:8)
  3 wyvern zombies
  A scorpion (D:6)
  A water moccasin skeleton (D:5)
  2 howler monkeys (D:6)
  A bullfrog zombie (D:6)
  2 centaur zombies
  A gnoll shaman (D:8)
  A hound (D:6)
  3 orc priests
  A centaur skeleton (D:7)
  4 iguanas
  7 orc wizards
  2 hound skeletons
  A howler monkey zombie (D:9)
  10 gnolls
  4 adders
  A shadow imp (D:6)
  An ufetubus (D:7)
  4 worms (D:2)
  4 dart slugs
  30 orcs
  3 bats
  7 endoplasms
  7 giant cockroaches
  8 hobgoblins
  4 jackals (D:1)
  10 kobolds
  A quokka (D:1)
  7 ball pythons
  8 frilled lizards
  6 goblins
  3 rats (D:2)
181 creatures vanquished.

Vanquished Creatures (collateral kills)
  2 yaks (D:5)
  A steam dragon (D:7)
  A water moccasin (D:9)
  A bullfrog (D:8)
  A wyvern zombie (D:7)
  A centaur zombie (D:9)
  A hound (D:7)
  A jelly (D:7)
  A gnoll (D:8)
  7 orcs
17 creatures vanquished.

Vanquished Creatures (others)
  3 water moccasin zombies
  A yak zombie (D:5)
  A spectral ice beast (D:8)
  2 centaur zombies
  2 bullfrog zombies
  A hound zombie (D:7)
  A steam dragon zombie (D:8)
  5 gnoll zombies (D:8)
  A spectral shadow imp (D:6)
  A dart slug zombie (D:5)
  4 orc zombies
  A plant (D:6)
  A withered plant (D:9)
24 creatures vanquished.

Grand Total: 222 creatures vanquished

Notes
Turn   | Place    | Note
-------+----------+-------------------------------------------
     0 | D:1      | siradein the Troll Fighter began the quest for the Orb.
     0 | D:1      | Reached XP level 1. HP: 22/22 MP: 0/0
    71 | D:1      | Reached skill level 2 in Maces & Flails
    71 | D:1      | Reached XP level 2. HP: 28/29 MP: 1/1
    93 | D:1      | Found a faded altar of an unknown god.
   113 | D:1      | Got Plato's Tome of the Frostbite
   231 | D:1      | You fall into a shaft and drop 1 floor!
   248 | D:2      | Reached XP level 3. HP: 36/36 MP: 2/2
   798 | D:2      | Reached XP level 4. HP: 44/44 MP: 3/3
   806 | D:2      | Found Yplam's Antique Armour Shoppe.
  1591 | D:3      | Reached XP level 5. HP: 51/53 MP: 4/4
  2424 | D:4      | Noticed an ogre
  2523 | D:4      | Killed an ogre
  2524 | D:4      | Reached skill level 3 in Maces & Flails
  2711 | D:4      | Reached XP level 6. HP: 46/61 MP: 5/5
  2921 | D:4      | Found a staircase to the Ecumenical Temple.
  3116 | Temple   | Entered the Ecumenical Temple
  3146 | Temple   | Became a worshipper of Yredelemnul the Dark
  3627 | D:5      | Entered Level 5 of the Dungeon
  3721 | D:5      | Reached XP level 7. HP: 38/68 MP: 6/6
  3834 | D:2      | Bought a slimy robe for 91 gold pieces
  3834 | D:2      | Identified the +0 robe of the Marlin {Str+4 Dex+3} (You
                  | bought it in a shop on level 2 of the Dungeon)
  4001 | D:5      | Identified the +3 leather armour of Cudeu {rF+ Will+}
  4009 | D:5      | Reached skill level 1 in Invocations
  4286 | D:5      | Reached skill level 4 in Maces & Flails
  4291 | D:5      | Reached * piety under Yredelemnul
  4473 | D:6      | Noticed a yak
  4473 | D:6      | Noticed a yak
  4473 | D:6      | Noticed a yak
  4473 | D:6      | Noticed a yak
  4474 | D:6      | Noticed a yak
  4474 | D:6      | Noticed a yak
  4494 | D:5      | Killed a yak
  4549 | D:5      | Killed a yak
  4550 | D:5      | Reached XP level 8. HP: 58/79 MP: 8/8
  4654 | D:6      | Reached skill level 5 in Maces & Flails
  4654 | D:6      | Reached skill level 5 in Shields
  4689 | D:6      | Reached skill level 5 in Dodging
  4697 | D:6      | Reached skill level 5 in Fighting
  4807 | D:6      | Found an iron altar of Okawaru.
  4979 | D:6      | Identified the +1 robe of Immorality {rF++ Str+2 Int+3}
  5040 | D:6      | Reached ** piety under Yredelemnul
  5054 | D:6      | Reached XP level 9. HP: 69/88 MP: 10/10
  5120 | D:6      | Found a stormy altar of Qazlal.
  5121 | D:6      | Found a glowing golden altar of the Shining One.
  5122 | D:6      | Found an ornate altar of the Wu Jian Council.
  5122 | D:6      | Found a shadowy altar of Dithmenos.
  6020 | D:7      | Found a burning altar of Makhleb.
  6215 | D:8      | Reached skill level 6 in Maces & Flails
  6341 | D:7      | Reached skill level 5 in Invocations
  6341 | D:7      | Reached XP level 10. HP: 84/98 MP: 12/12
  6709 | D:8      | Reached *** piety under Yredelemnul
  6797 | D:8      | Noticed a two-headed ogre
  6826 | D:8      | Killed a two-headed ogre
  6999 | D:8      | Found a sacrificial altar of Ru.
  7055 | D:8      | Noticed a two-headed ogre
  7068 | D:8      | Killed a two-headed ogre
  7336 | D:9      | Reached skill level 7 in Maces & Flails
  7751 | D:9      | HP: 5/100 [something (12)]
  7752 | D:9      | Slain by a vampire

Illustrated notes

Levels and vault maps discovered:
D:1:      minmay_arrival_open_corners, layout_rooms,
          shapermc_ecumenical_altar_rom_forum
D:2:      layout_loops_corners, serial_shops, shop
D:3:      layout_basic, minmay_misc_feat_iff, minivault_24,
          corexii_leaking_fountain, minmay_misc_feat_pillars,
          guppyfry_early_orc_mine
D:4:      layout_basic, temple_hall, serial_rivers,
          chequers_serial_rivers_micro_d, chequers_serial_rivers_micro_e,
          chequers_serial_rivers_large_a, chequers_serial_rivers_marsh,
          chequers_serial_rivers_large_b
D:5:      layout_basic
D:6:      layout_basic, okawaru_metal_pillars_1_2, mainiacjoe_overflow_alcove_3,
          minmay_holes
D:7:      layout_gridville, makhleb_blood_cavern_becter, minmay_misc_feat_rugged
D:8:      layout_loops_ring, hangedman_ru_absence
D:9:      layout_basic, serial_undead, serial_undead_e, serial_undead_b,
          serial_undead_e, serial_undead_c, hangedman_minor_gate_pass,
          uniq_erolcha
Temple:   cyrus_circular_temple

Skill      XL: |  1  2  3  4  5  6  7  8  9 10 |
---------------+-------------------------------+-----
Maces & Flails | 2 3 4 5 6 7 |  7.1
Fighting       | 3 4 5 6 |  6.7
Dodging        | 3 4 5 6 |  6.8
Shields        | 3 4 5 6 |  6.8
Invocations    | 2 3 5 6 |  6.0

Action                   |  1- 3 |  4- 6 |  7- 9 | 10-12 || total
-------------------------+-------+-------+-------+-------++-------
Melee: Flail             |   114 |   156 |   267 |   143 ||   680
       War axe           |       |    25 |       |       ||    25
       Morningstar       |       |       |    34 |    25 ||    59
Throw: Throwing net      |       |       |       |     1 ||     1
  Use: Scroll            |       |       |     5 |       ||     5
 Stab: Sleeping          |     2 |       |     1 |       ||     3
       Distracted        |       |       |     2 |       ||     2
       Held in net/web   |       |       |       |     1 ||     1
Armor: Robe              |    51 |    70 |    71 |    53 ||   245
Dodge: Dodged            |    35 |    60 |   115 |    67 ||   277
Block: Kite shield       |    45 |    65 |   245 |   191 ||   546
       Reflection        |       |       |     1 |     8 ||     9

Table legend: (Time is in decaauts)
 A = Elapsed time spent in this place.
 B = Non-inter-level travel time spent in this place.
 C = Inter-level travel time spent in this place.
 D = Time resting spent in this place.
 E = Time spent auto-exploring this place.
 F = Levels seen in this place.
 G = Mean time per level.
                   A        B        C        D        E       F      G
               +--------+--------+--------+--------+--------+-----+--------+
         Total |   8063 |   7589 |    474 |     78 |   5270 |  10 |  806.3 |
       Dungeon |   8011 |   7547 |    464 |     78 |   5241 |   9 |  890.1 |
        Temple |     51 |     42 |      9 |      0 |     29 |   1 |   51.0 |
               +--------+--------+--------+--------+--------+-----+--------+

Top non-repeatable levels by time:
     D:4: 1287 daAuts
     D:3: 1172 daAuts
     D:2: 1009 daAuts
     D:7: 989 daAuts
     D:8: 974 daAuts
     D:5: 848 daAuts
     D:6: 788 daAuts
     D:9: 472 daAuts
     D:1: 469 daAuts
  Temple: 51 daAuts
